 Dungeon Crawl Stone Soup version 0.27.0-66-gdc8fb28755 (webtiles) character file.

Game seed: 9670206526762062103

142 ZARRMARR the Chiller (level 5, -4/48 (52) HPs)
             Began as a Merfolk Ice Elementalist on Aug 19, 2021.
             Slain by a necrophage (5 damage)
             ... on level 4 of the Dungeon.
             The game lasted 00:14:02 (3725 turns).

ZARRMARR the Chiller (Merfolk Ice Elementalist)     Turns: 3725, Time: 00:14:02

HP:   -4/48 (52)    AC: 22    Str:  9    XL:     5   Next: 25%
MP:   10/10         EV:  2    Int: 15    God:
Gold: 251           SH:  0    Dex: 14    Spells: 10/11 levels left

rFire    . . .     SeeInvis .   e - staff of poison
rCold    . . .     Faith    .   (no shield)
rNeg     + + +     Spirit   .   (armour currently unavailable)
rPois    +         Reflect  .   (helmet currently unavailable)
rElec    .         Harm     .   (cloak currently unavailable)
rCorr    .         Rampage  .   (gloves currently unavailable)
Will     .....     NoTele   +   (boots currently unavailable)
Stlth    ++........             b - amulet of magic regeneration
HPRegen  0.16/turn              (no ring)
MPRegen  0.37/turn              (no ring)

@: tree-form, drained
A: stationary, stasis, torment immunity, boosted hp, (nimble swimmer 2),
(mertail)
a: no special abilities


You were on level 4 of the Dungeon.
You were a tree.
You visited 1 branch of the dungeon, and saw 4 of its levels.

You collected 251 gold pieces.

Inventory:

Armour
 a - a +0 robe (melded)
 g - a +0 helmet (melded)
Magical Staves
 e - a staff of poison (weapon)
Jewellery
 b - an amulet of magic regeneration (around neck)
Scrolls
 c - 2 scrolls of enchant armour
 d - a scroll of blinking {unknown}
 i - a scroll of teleportation
 j - a scroll of fog {unknown}
Potions
 f - a potion of curing
 l - a potion of attraction


   Skills:
 + Level 3.3 Dodging
 + Level 2.7 Stealth
 + Level 3.6 Spellcasting
 + Level 5.4 Ice Magic


You had 10 spell levels left.
You knew the following spells:

 Your Spells              Type           Power      Damage    Failure   Level
a - Freeze                Ice            76%        1d9       1%          1

Your spell library contained the following spells:

 Spells                   Type           Power      Damage    Failure   Level
 Frozen Ramparts          Ice            38%        1d5       6%          3
 Ozocubu's Armour         Ice            19%        N/A       6%          3
 Animate Skeleton         Necr           4%         N/A       19%         1
 Pain                     Necr           8%         1d4       19%         1
 Vampiric Draining        Necr           1%         2d6       50%         3
 Hailstorm                Conj/Ice       10%        3d5       52%         4


Dungeon Overview and Level Annotations

Branches:
Dungeon (4/15)
 Temple: D:4-7

Altars:
Trog
Uskayaw

Shops:
D:1 !


Innate Abilities, Weirdness & Mutations

You are a tree.
Your roots penetrate the ground, keeping you stationary.
You cannot be teleported.
You are immune to unholy pain and torment.
Your maximum health is greatly increased.
Your equipment is partially melded.
((You are quick and stealthy near water. (Stealth+, EV+, Speed+++)))
((Your lower body shifts to a powerful aquatic tail in water.))


Message History

* * * LOW HITPOINT WARNING * * *
You closely miss the necrophage.
The necrophage is severely damaged.
The necrophage hits you but does no damage.
You closely miss the necrophage.
The necrophage is severely damaged.
The necrophage barely misses you.
You completely miss the necrophage.
The necrophage is severely damaged.
The necrophage hits you but does no damage.
The necrophage barely misses you.
You closely miss the necrophage.
The necrophage is severely damaged.
The necrophage hits you but does no damage.
You hit the necrophage but do no damage.
The necrophage is severely damaged.
The necrophage hits you.
* * * LOW HITPOINT WARNING * * *
You closely miss the necrophage.
The necrophage is severely damaged.
The necrophage completely misses you.
You hit the necrophage but do no damage.
The necrophage is severely damaged.
The necrophage hits you but does no damage.
You barely miss the necrophage.
The necrophage is severely damaged.
The necrophage hits you but does no damage.
The necrophage completely misses you.
You hit the necrophage but do no damage.
The necrophage is severely damaged.
The necrophage hits you.
* * * LOW HITPOINT WARNING * * *
You closely miss the necrophage.
The necrophage is severely damaged.
The necrophage hits you.
* * * LOW HITPOINT WARNING * * *
You closely miss the necrophage.
The necrophage is severely damaged.
The necrophage hits you.
You die...

###..†....#..>.......
#.#...†...#.##.######
#....._.....##.#
#.......#.##.#
#...†..†#.##+#
#.......### ####.####
#.##.#n# #.....♣#
..........+
####...#### ##.# #.
.. #.. ..


You could see a necrophage.

Vanquished Creatures
  Robin (D:4)
  4 adders
  2 worms
  A dart slug (D:3)
  5 orcs (D:4)
  9 endoplasms
  4 giant cockroaches
  13 goblins
  6 hobgoblins
  10 jackals
  2 quokkas
  6 ball pythons
  4 bats (D:1)
  3 frilled lizards
  3 kobolds
  4 rats
77 creatures vanquished.

Vanquished Creatures (others)
  A fungus (D:4)
  10 toadstools (D:4)
11 creatures vanquished.

Grand Total: 88 creatures vanquished

Notes
Turn   | Place    | Note
-------+----------+-------------------------------------------
     0 | D:1      | ZARRMARR the Merfolk Ice Elementalist began the quest for
                  | the Orb.
     0 | D:1      | Reached XP level 1. HP: 13/13 MP: 3/3
   274 | D:1      | Reached XP level 2. HP: 18/19 MP: 3/5
  1405 | D:1      | Found Ugemofukh's Distillery.
  1724 | D:2      | Reached XP level 3. HP: 24/24 MP: 4/6
  2483 | D:3      | Reached skill level 5 in Ice Magic
  2483 | D:3      | Reached XP level 4. HP: 24/30 MP: 5/8
  2572 | D:3      | Found a bloodstained altar of Trog.
  2759 | D:3      | Noticed an ice beast
  3517 | D:4      | Reached XP level 5. HP: 35/35 MP: 4/10
  3619 | D:4      | Noticed Robin
  3620 | D:4      | Noticed a necrophage
  3626 | D:4      | Killed Robin
  3659 | D:4      | HP: 1/32 [necrophage (2)]
  3689 | D:4      | Found a hide-covered altar of Uskayaw.
  3696 | D:4      | HP: 1/32 [necrophage (4)]
  3707 | D:4      | HP: 2/48 [necrophage (2)]
  3714 | D:4      | HP: 2/48 [necrophage (1)]
  3719 | D:4      | HP: 2/48 [necrophage (1)]
  3724 | D:4      | HP: 1/48 [necrophage (1)]
  3725 | D:4      | Slain by a necrophage

Illustrated notes

Levels and vault maps discovered:
D:1:      elethiomel_arrival_infinity_welcomes_careful_drivers,
          layout_loops_ring, serial_shops, nicolae_shop_behind_doors
D:2:      layout_loops_corners, minmay_strange_pillars
D:3:      layout_basic, trog_book, gammafunk_ghost_necromancy,
          dreamdust_ecumenical_altar_angels_and_demons, minmay_fractal_squares_5
D:4:      cheibrodos_fertilizer, layout_loops_corners,
          nicolae_uskayaw_murder_on_the_dancefloor, minmay_gold_behind_fungi,
          uniq_robin

Skill      XL: |  1  2  3  4 |
---------------+-------------+-----
Dodging        | 3 |  3.3
Ice Magic      | 5 |  5.4
Spellcasting   | 3 |  3.6
Stealth        | |  2.7

Action                   |  1- 3 |  4- 6 || total
-------------------------+-------+-------++-------
Melee: Unarmed           |     8 |       ||     8
       Staff             |    11 |    48 ||    59
Throw: Boomerang         |       |    13 ||    13
 Cast: Freeze            |    65 |    55 ||   120
  Use: Scroll            |     2 |     1 ||     3
       Potion            |       |     2 ||     2
 Stab: Sleeping          |     2 |       ||     2
Armor: Robe              |    19 |     5 ||    24
       Skin              |       |    23 ||    23
Dodge: Dodged            |    51 |    36 ||    87
